Victoriaville Tigres vs Philadelphia Phantoms

Created - 28 mars 2018 at 10:31

Goals
1 2 3 OT1 SO T
Victoriaville Tigres 1 1 4 0 2 7
Philadelphia Phantoms 0 4 2 0 0 6
Shots
1 2 3 OT1 SO T
Victoriaville Tigres 4 11 26 0 2 41
Philadelphia Phantoms 10 11 11 1 2 33

1st period

1. Victoriaville Tigres , Taylor Leier 22 (Chase De Leo 13, Chris Terry 41) at 1:24

Penalties :
Charles Hudon (TIG) for Holding (Minor) at 3:40

2nd period

2. Victoriaville Tigres , Michal Kempny 7 (Chase De Leo 14) at 1:09
3. Philadelphia Phantoms , Joshua Ho-Sang 46 (Scott Laughton 52) at 1:13
4. Philadelphia Phantoms , Dryden Hunt 27 (Dean Kukan 17, Jordan Maletta 15) at 6:41
5. Philadelphia Phantoms , Joshua Ho-Sang 47 (Scott Laughton 53) at 8:32 (PP)
6. Philadelphia Phantoms , Dryden Hunt 28 (Jonathan Diaby 5) at 9:53

Penalties :
Jonathan Diaby (PHA) for Holding (Minor) at 3:06, Brayden McNabb (TIG) for Hooking (Minor) at 8:31

3rd period

7. Victoriaville Tigres , Nic Petan 28 (Karl Stollery 33, Michal Kempny 29) at 10:11
8. Victoriaville Tigres , Lawson Crouse 8 (Nic Petan 47) at 11:49 (PP)
9. Victoriaville Tigres , Greg McKegg 22 (Tim Heed 17) at 13:15
10. Philadelphia Phantoms , Dryden Hunt 29 (Alexandre Carrier 23, Zac Dalpe 30) at 16:33
11. Philadelphia Phantoms , Jordan Maletta 14 (Sean Kuraly 32) at 17:51
12. Victoriaville Tigres , Lawson Crouse 9 (Nic Petan 48, Pat Cannone 9) at 19:06

Penalties :
Dryden Hunt (PHA) for Hooking (Minor) at 1:22, Joshua Ho-Sang (PHA) for Holding (Minor) at 11:42

Overtime #1

No Goal

Penalties :
No Penalty

Shootout

Penalty Shot by Lawson Crouse for Victoriaville Tigres - Goal!
Penalty Shot by Joshua Ho-Sang for Philadelphia Phantoms - Stopped by Michael Garteig
Penalty Shot by Nic Petan for Victoriaville Tigres - Goal!
Penalty Shot by Dale Weise for Philadelphia Phantoms - Stopped by Michael Garteig

Penalties :
No Penalty

Goalie Stats

Jeff Zatkoff (TIG), 11 saves from 15 shots - (0,733), 29:53 minutes
Michael Garteig (TIG), 16 saves from 18 shots - (0,889), W, 12-3-1, 35:01 minutes
Alex Lyon (PHA), 35 saves from 41 shots - (0,854), OTL, 3-2-1, 65:00 minutes

Players Stats for Victoriaville Tigres

Player Name              G  A  P  +/- PIM S  H  SB GA TA FO     MP     PP MP  PK MP  
------------------------------------------------------------------------------------
Brayden McNabb           0  0  0  -1  2   3  1  2  0  1  0/0    28:19   2:12   1:17 
Brody Sutter             0  0  0   0  0   1  0  1  0  0  1/1    16:01   1:44   0:00 
Charles Hudon            0  0  0  -2  2   3  3  1  1  0  0/0    16:52   0:00   0:00 
Chase De Leo             0  2  2   1  0   0  1  0  0  0  1/3    10:49   0:00   0:39 
Chris Terry              0  1  1   0  0   4  3  0  0  2  1/1    18:04   1:44   0:41 
Devon Toews              0  0  0   0  0   0  0  0  0  0  0/0    13:09   0:00   0:01 
Greg McKegg              1  0  1   0  0   3  2  0  0  1  4/10   15:48   1:44   0:00 
Karl Stollery            0  1  1   1  0   1  0  0  0  1  0/0    21:46   1:53   0:42 
Lawson Crouse            2  0  2   2  0   7  0  1  2  0  4/6    25:46   2:21   1:04 
Michal Kempny            1  1  2   1  0   5  2  1  0  1  0/0    21:47   1:53   0:42 
Nic Petan                1  2  3   1  0   3  0  1  1  0  14/28  21:35   2:21   1:04 
Pat Cannone              0  1  1   1  0   3  0  0  0  0  0/0    17:44   2:21   0:00 
Quinton Howden           0  0  0  -2  0   2  1  0  0  0  3/5    15:21   0:00   0:00 
Samuel Girard            0  0  0  -1  0   2  3  2  2  1  0/0    28:31   2:12   1:18 
Scott Kosmachuk          0  0  0  -2  0   0  4  1  0  0  0/0    13:43   0:00   0:00 
Stefan Matteau           0  0  0   0  0   1  1  0  0  0  0/0     7:07   0:00   0:32 
Taylor Leier             1  0  1   1  0   2  0  0  0  1  0/1     8:59   0:00   0:00 
Tim Heed                 0  1  1   0  0   1  0  2  1  0  0/0    13:15   0:00   0:00 

Players Stats for Philadelphia Phantoms

Player Name              G  A  P  +/- PIM S  H  SB GA TA FO     MP     PP MP  PK MP  
------------------------------------------------------------------------------------
Alexandre Carrier        0  1  1   0  0   1  1  0  0  1  0/0    26:23   1:08   2:49 
Brandon Montour          0  0  0   0  0   1  1  0  0  0  0/0    23:30   1:08   0:00 
Chad Billins             0  0  0   1  0   0  0  2  0  1  0/0    18:13   0:00   2:49 
Dakota Mermis            0  0  0  -1  0   0  6  0  1  0  0/0    22:03   0:52   1:16 
Dale Weise               0  0  0   0  0   1  3  0  1  0  0/0    17:35   0:53   0:00 
Dean Kukan               0  1  1  -2  0   0  1  0  1  0  0/0    22:45   0:52   1:16 
Dryden Hunt              3  0  3   2  2   6  0  1  2  0  0/0    16:34   0:49   0:10 
Jon Martin               0  0  0   0  0   0  3  0  1  0  1/2     9:09   0:00   0:00 
Jonathan Diaby           0  1  1   2  2   2  2  0  0  1  0/0    14:47   0:00   0:00 
Jordan Maletta           1  1  2   2  0   3  2  0  0  0  5/10   17:19   0:05   1:29 
Joshua Ho-Sang           2  0  2  -1  2   4  0  0  1  1  0/2    18:40   1:02   0:21 
Juho Lammikko            0  0  0   0  0   0  1  0  0  0  1/1     9:15   0:00   0:00 
Kevin Fiala              0  0  0  -1  0   2  2  0  0  0  0/1    17:41   1:01   0:00 
Kevin Labanc             0  0  0   0  0   5  2  0  1  0  0/0    16:27   0:13   0:00 
Nic Kerdiles             0  0  0   0  0   0  1  0  0  1  0/0     9:10   0:00   0:00 
Scott Laughton           0  2  2  -2  0   3  2  0  0  0  15/29  19:19   1:02   2:23 
Sean Kuraly              0  1  1  -1  0   2  1  0  0  1  4/8    18:46   0:53   1:28 
Zac Dalpe                0  1  1   1  0   3  0  1  0  1  1/2    17:33   0:02   2:19 

3 Stars

1 - Dryden Hunt (PHA)
2 - Lawson Crouse (TIG)
3 - Nic Petan (TIG)

Power Play

Victoriaville Tigres - 1 on 3 Attempt(s) - 33,33%
Philadelphia Phantoms - 1 on 2 Attempt(s) - 50,00%

Penalty Kill

Victoriaville Tigres - 1 on 2 Attempt(s) - 50,00% - Score 0 goal in Penalty Kill
Philadelphia Phantoms - 2 on 3 Attempt(s) - 66,67% - Score 0 goal in Penalty Kill

Team Stat

Victoriaville Tigres - Hits : 21 - Faceoff Wins : 28 - Blocked Shots : 12 - Penalty Minutes : 4
Philadelphia Phantoms - Hits : 28 - Faceoff Wins : 27 - Blocked Shots : 4 - Penalty Minutes : 6

Official

Referees : Eric Furlatt and Steve Kozari
Linesman : Derek Amell and Derek Nansen

Game Notes

Michael Garteig enters game at 9:53 of 2nd period
Dryden Hunt has scored a Hat Trick!

Finance

Level 1 -- Attendance: 1417 (70,85%) -- Ticket Income 49 595 $
Level 2 -- Attendance: 740 (74,00%) -- Ticket Income 11 100 $
Total Attendance: 2157 (71,90%)
Total Ticket Income: 60 695 $
Other Income: 29 741 $
Total Income: 90 436 $

Victoriaville Tigres

5 vs 5 Forward 
   Center                   Left Wing                Right Wing               Time % Phy DF OF 
 1 Nic Petan                Lawson Crouse            Pat Cannone              40     1   2  2  
 2 Greg McKegg              Chris Terry              Brody Sutter             30     1   2  2  
 3 Quinton Howden           Charles Hudon            Scott Kosmachuk          20     1   2  2  
 4 Chase De Leo             Taylor Leier             Lawson Crouse            10     1   2  2  

5 vs 5 Defense 
   Defense                  Defense                                           Time % Phy DF OF 
 1 Samuel Girard            Brayden McNabb                                    40     1   2  2  
 2 Michal Kempny            Karl Stollery                                     30     1   2  2  
 3 Tim Heed                 Devon Toews                                       20     1   2  2  
 4 Samuel Girard            Brayden McNabb                                    10     1   2  2  

PowerPlay Forward 
   Center                   Left Wing                Right Wing               Time % Phy DF OF 
 1 Nic Petan                Lawson Crouse            Pat Cannone              60     1   2  2  
 2 Greg McKegg              Chris Terry              Brody Sutter             40     1   2  2  

PowerPlay Defense
   Defense                  Defense                                           Time % Phy DF OF 
 1 Samuel Girard            Brayden McNabb                                    60     1   2  2  
 2 Michal Kempny            Karl Stollery                                     40     1   2  2  

Penalty Kill 4 Players Forward 
   Center                   Wing                     Time % Phy DF OF 
 1 Lawson Crouse            Nic Petan                60     1   2  2  
 2 Chris Terry              Charles Hudon            40     1   2  2  

Penalty Kill 4 Players Defense
   Defense                  Defense                  Time % Phy DF OF 
 1 Samuel Girard            Brayden McNabb           60     1   2  2  
 2 Michal Kempny            Karl Stollery            40     1   2  2  

Penalty Kill - 3 Players Forward 
   Forward                                           Time % Phy DF OF 
 1 Lawson Crouse                                     60     1   2  2  
 2 Nic Petan                                         40     1   2  2  

Penalty Kill - 3 Players Defense
   Defense                  Defense                  Time % Phy DF OF 
 1 Samuel Girard            Brayden McNabb           60     1   2  2  
 2 Michal Kempny            Karl Stollery            40     1   2  2  

4 vs 4 Forward 
   Center                   Wing                     Time % Phy DF OF 
 1 Lawson Crouse            Nic Petan                60     1   2  2  
 2 Chris Terry              Charles Hudon            40     1   2  2  

4 vs 4 Defense
   Defense                  Defense                  Time % Phy DF OF 
 1 Samuel Girard            Brayden McNabb           60     1   2  2  
 2 Michal Kempny            Karl Stollery            40     1   2  2  

Last Minutes Offensive
   Center                   Left Wing                Right Wing               Defense                  Defense                  
   Nic Petan                Lawson Crouse            Pat Cannone              Samuel Girard            Brayden McNabb           

Last Minutes Defensive
   Center                   Left Wing                Right Wing               Defense                  Defense                  
   Nic Petan                Lawson Crouse            Pat Cannone              Samuel Girard            Brayden McNabb           

Goaltenders
Starting : Jeff Zatkoff             
Backup : Michael Garteig          

Extra Forwards
Normal : Stefan Matteau, Quinton Howden, Chase De Leo - PP : Stefan Matteau, Quinton Howden - PK : Chase De Leo
Extra Defensemen
Normal : Tim Heed, Devon Toews, Michal Kempny - PP : Tim Heed - PK : Devon Toews, Michal Kempny
Penalty Shots
Lawson Crouse, Nic Petan, Chris Terry, Charles Hudon, Greg McKegg

Scratches
Dillon Simpson (Healthy), Paul Bittner (Healthy), Mark MacMillan (Healthy), Jack Flinn (Healthy)

Philadelphia Phantoms

5 vs 5 Forward 
   Center                   Left Wing                Right Wing               Time % Phy DF OF 
 1 Scott Laughton           Joshua Ho-Sang           Kevin Fiala              34     0   1  4  
 2 Sean Kuraly              Kevin Labanc             Dale Weise               30     0   1  4  
 3 Jordan Maletta           Dryden Hunt              Zac Dalpe                26     0   4  1  
 4 Jon Martin               Nic Kerdiles             Juho Lammikko            10     0   4  1  

5 vs 5 Defense 
   Defense                  Defense                                           Time % Phy DF OF 
 1 Brandon Montour          Alexandre Carrier                                 40     1   3  1  
 2 Dean Kukan               Dakota Mermis                                     36     1   3  1  
 3 Chad Billins             Jonathan Diaby                                    24     1   3  1  
 4 Jonathan Diaby           Alexandre Carrier                                 0      1   3  1  

PowerPlay Forward 
   Center                   Left Wing                Right Wing               Time % Phy DF OF 
 1 Scott Laughton           Joshua Ho-Sang           Kevin Fiala              60     0   0  5  
 2 Sean Kuraly              Kevin Fiala              Dale Weise               40     0   0  5  

PowerPlay Defense
   Defense                  Defense                                           Time % Phy DF OF 
 1 Brandon Montour          Alexandre Carrier                                 60     0   2  3  
 2 Dean Kukan               Dakota Mermis                                     40     0   2  3  

Penalty Kill 4 Players Forward 
   Center                   Wing                     Time % Phy DF OF 
 1 Scott Laughton           Zac Dalpe                60     0   5  0  
 2 Jordan Maletta           Sean Kuraly              40     0   5  0  

Penalty Kill 4 Players Defense
   Defense                  Defense                  Time % Phy DF OF 
 1 Chad Billins             Alexandre Carrier        60     0   5  0  
 2 Dean Kukan               Dakota Mermis            40     0   5  0  

Penalty Kill - 3 Players Forward 
   Forward                                           Time % Phy DF OF 
 1 Zac Dalpe                                         60     0   5  0  
 2 Jordan Maletta                                    40     0   5  0  

Penalty Kill - 3 Players Defense
   Defense                  Defense                  Time % Phy DF OF 
 1 Chad Billins             Alexandre Carrier        60     0   5  0  
 2 Dean Kukan               Dakota Mermis            40     0   5  0  

4 vs 4 Forward 
   Center                   Wing                     Time % Phy DF OF 
 1 Joshua Ho-Sang           Dale Weise               60     1   2  2  
 2 Kevin Labanc             Kevin Fiala              40     1   2  2  

4 vs 4 Defense
   Defense                  Defense                  Time % Phy DF OF 
 1 Brandon Montour          Alexandre Carrier        60     1   2  2  
 2 Dean Kukan               Dakota Mermis            40     1   2  2  

Last Minutes Offensive
   Center                   Left Wing                Right Wing               Defense                  Defense                  
   Joshua Ho-Sang           Kevin Labanc             Dale Weise               Dean Kukan               Alexandre Carrier        

Last Minutes Defensive
   Center                   Left Wing                Right Wing               Defense                  Defense                  
   Scott Laughton           Sean Kuraly              Zac Dalpe                Dean Kukan               Chad Billins             

Goaltenders
Starting : Alex Lyon                
Backup : Unknown Goalie           

Extra Forwards
Normal : Sean Kuraly, Dryden Hunt, Jordan Maletta - PP : Sean Kuraly, Dryden Hunt - PK : Jordan Maletta
Extra Defensemen
Normal : Chad Billins, Alexandre Carrier, Dean Kukan - PP : Chad Billins - PK : Brandon Montour, Dean Kukan
Penalty Shots
Joshua Ho-Sang, Dale Weise, Kevin Labanc, Kevin Fiala, Scott Laughton

Scratches
Rihards Bukarts (Healthy), Matt Caito (Healthy), Matthew O'Connor (Healthy), Darcy Kuemper (Healthy)

% Time on Ice - Victoriaville Tigres

Lines # - Real PCT - Wanted PCT - Time Play
Normal Forward
1 - 32% - 40% - 17:07
2 - 30% - 30% - 16:23
3 - 25% - 20% - 13:37
4 - 13% - 10% - 6:48
Normal Defense
1 - 39% - 40% - 20:47
2 - 33% - 30% - 18:03
3 - 23% - 20% - 12:26
4 - 5% - 10% - 2:39
PP Forward
1 - 58% - 60% - 2:21
2 - 42% - 40% - 1:44
PP Defense
1 - 54% - 60% - 2:12
2 - 46% - 40% - 1:53
PK Forward
1 - 66% - 60% - 1:19
2 - 34% - 40% - 0:41
PK Defense
1 - 65% - 60% - 1:18
2 - 35% - 40% - 0:42
PK3 Forward
1 - 0% - 60%
2 - 0% - 40%
PK3 Defense
1 - 0% - 60%
2 - 0% - 40%
44 Forward
1 - 71% - 60% - 3:32
2 - 29% - 40% - 1:28
44 Defense
1 - 58% - 60% - 2:55
2 - 42% - 40% - 2:05
Last Minute Offensive  - 0:00
Last Minute Defensive  - 0:00
Total
Forward - 65:00
Defense - 65:00

% Time on Ice - Philadelphia Phantoms

Lines # - Real PCT - Wanted PCT - Time Play
Normal Forward
1 - 29% - 34% - 15:30
2 - 28% - 30% - 14:50
3 - 27% - 26% - 14:13
4 - 17% - 10% - 9:00
Normal Defense
1 - 39% - 40% - 21:01
2 - 36% - 36% - 19:14
3 - 24% - 24% - 12:52
4 - 1% - 0% - 0:26
PP Forward
1 - 56% - 60% - 1:07
2 - 44% - 40% - 0:53
PP Defense
1 - 57% - 60% - 1:08
2 - 43% - 40% - 0:52
PK Forward
1 - 80% - 60% - 3:16
2 - 20% - 40% - 0:49
PK Defense
1 - 69% - 60% - 2:49
2 - 31% - 40% - 1:16
PK3 Forward
1 - 0% - 60%
2 - 0% - 40%
PK3 Defense
1 - 0% - 60%
2 - 0% - 40%
44 Forward
1 - 73% - 60% - 3:38
2 - 27% - 40% - 1:22
44 Defense
1 - 64% - 60% - 3:13
2 - 36% - 40% - 1:47
Last Minute Offensive  - 0:00
Last Minute Defensive  - 0:22
Total
Forward - 65:00
Defense - 65:00

Play by Play

1st period


0:01 of 1st period - Scott Laughton wins face-off versus Nic Petan in neutral zone.
0:04 of 1st period - Snap shot by Kevin Fiala.
0:04 of 1st period - Stopped by Jeff Zatkoff without a rebound.
0:05 of 1st period - Nic Petan wins face-off versus Scott Laughton in Victoriaville Tigres zone.
0:31 of 1st period - Joshua Ho-Sang is hit by Samuel Girard and loses puck.
1:03 of 1st period - Snap shot by Kevin Labanc.
1:03 of 1st period - Stopped by Jeff Zatkoff with a rebound.
1:24 of 1st period - Snap shot by Taylor Leier.
1:24 of 1st period - Goal by Taylor Leier - Victoriaville Tigres : 1 - Philadelphia Phantoms : 0.
1:25 of 1st period - Juho Lammikko wins face-off versus Nic Petan in neutral zone.
1:35 of 1st period - Off-side.
1:36 of 1st period - Sean Kuraly wins face-off versus Greg McKegg in neutral zone.
2:32 of 1st period - Snap shot by Scott Kosmachuk.
2:32 of 1st period - Shot Misses the Net.
3:08 of 1st period - Snap shot by Lawson Crouse.
3:08 of 1st period - Stopped by Alex Lyon without a rebound.
3:09 of 1st period - Sean Kuraly wins face-off versus Chase De Leo in Philadelphia Phantoms zone.
3:37 of 1st period - Snap shot by Kevin Labanc.
3:37 of 1st period - Deflect By Dale Weise.
3:37 of 1st period - Shot Blocked by Brayden McNabb.
3:37 of 1st period - Puck is out of play.
3:38 of 1st period - Quinton Howden wins face-off versus Jordan Maletta in Victoriaville Tigres zone.
3:40 of 1st period - Minor Penalty to Charles Hudon for Holding.
3:41 of 1st period - Lawson Crouse wins face-off versus Kevin Fiala in Victoriaville Tigres zone.
4:16 of 1st period - Chris Terry is hit by Dale Weise and loses puck.
5:40 of 1st period - Penalty to Charles Hudon is over, Charles Hudon is back on ice.
5:41 of 1st period - Lawson Crouse is hit by Jordan Maletta and loses puck.
5:52 of 1st period - Snap shot by Lawson Crouse.
5:52 of 1st period - Shot Misses the Net.
6:35 of 1st period - Slapshot by Charles Hudon.
6:35 of 1st period - Stopped by Alex Lyon with a rebound.
8:07 of 1st period - Slapshot by Zac Dalpe.
8:07 of 1st period - Stopped by Jeff Zatkoff with a rebound.
8:09 of 1st period - Slapshot by Jonathan Diaby.
8:09 of 1st period - Deflect By Nic Petan.
8:09 of 1st period - Stopped by Jeff Zatkoff with a rebound.
8:11 of 1st period - Wrist shot by Jordan Maletta.
8:11 of 1st period - Shot Misses the Net.
8:13 of 1st period - Slapshot by Dryden Hunt.
8:13 of 1st period - Shot Misses the Net.
8:15 of 1st period - Wrist shot by Jordan Maletta.
8:15 of 1st period - Shot Blocked by Samuel Girard.
8:17 of 1st period - Slapshot by Jordan Maletta.
8:17 of 1st period - Shot Blocked by Charles Hudon.
8:23 of 1st period - Snap shot by Dryden Hunt.
8:23 of 1st period - Shot Misses the Net.
8:25 of 1st period - Wrist shot by Jordan Maletta.
8:25 of 1st period - Stopped by Jeff Zatkoff with a rebound.
8:27 of 1st period - Snap shot by Zac Dalpe.
8:27 of 1st period - Shot Misses the Net.
8:29 of 1st period - Snap shot by Jordan Maletta.
8:29 of 1st period - Deflect By Dryden Hunt.
8:29 of 1st period - Stopped by Jeff Zatkoff with a rebound.
8:31 of 1st period - Snap shot by Jordan Maletta.
8:31 of 1st period - Shot Misses the Net.
8:33 of 1st period - Slapshot by Zac Dalpe.
8:33 of 1st period - Shot Misses the Net.
8:39 of 1st period - Wrist shot by Jordan Maletta.
8:39 of 1st period - Stopped by Jeff Zatkoff with a rebound.
8:43 of 1st period - Snap shot by Dryden Hunt.
8:43 of 1st period - Shot Blocked by Nic Petan.
8:45 of 1st period - Snap shot by Zac Dalpe.
8:45 of 1st period - Shot Misses the Net.
8:47 of 1st period - Snap shot by Dryden Hunt.
8:47 of 1st period - Stopped by Jeff Zatkoff with a rebound.
8:49 of 1st period - Snap shot by Zac Dalpe.
8:49 of 1st period - Shot Blocked by Lawson Crouse.
8:53 of 1st period - Snap shot by Zac Dalpe.
8:53 of 1st period - Shot Blocked by Brayden McNabb.
8:55 of 1st period - Snap shot by Zac Dalpe.
8:55 of 1st period - Stopped by Jeff Zatkoff without a rebound.
8:56 of 1st period - Scott Laughton wins face-off versus Greg McKegg in Victoriaville Tigres zone.
9:01 of 1st period - Snap shot by Joshua Ho-Sang.
9:01 of 1st period - Stopped by Jeff Zatkoff without a rebound.
9:02 of 1st period - Greg McKegg wins face-off versus Scott Laughton in Victoriaville Tigres zone.
9:02 of 1st period - Greg McKegg is hit by Scott Laughton.
9:12 of 1st period - Snap shot by Chris Terry.
9:12 of 1st period - Stopped by Alex Lyon with a rebound.
9:54 of 1st period - Juho Lammikko is hit by Quinton Howden and loses puck.
10:58 of 1st period - Quinton Howden is hit by Nic Kerdiles and loses puck.
11:50 of 1st period - Scott Kosmachuk is hit by Dakota Mermis.
19:48 of 1st period - Icing by Juho Lammikko.
19:49 of 1st period - Greg McKegg wins face-off versus Scott Laughton in Philadelphia Phantoms zone.
19:58 of 1st period - Nic Petan is hit by Dakota Mermis and loses puck.
Goals for this period are 1 for Victoriaville Tigres vs 0 for Philadelphia Phantoms.
Shots for this period are 4 for Victoriaville Tigres vs 10 for Philadelphia Phantoms.

2nd period


0:01 of 2nd period - Nic Petan wins face-off versus Scott Laughton in neutral zone.
1:09 of 2nd period - Snap shot by Michal Kempny.
1:09 of 2nd period - Goal by Michal Kempny - Victoriaville Tigres : 2 - Philadelphia Phantoms : 0.
1:10 of 2nd period - Scott Laughton wins face-off versus Nic Petan in neutral zone.
1:13 of 2nd period - Slapshot by Joshua Ho-Sang.
1:13 of 2nd period - Goal by Joshua Ho-Sang - Victoriaville Tigres : 2 - Philadelphia Phantoms : 1.
1:14 of 2nd period - Scott Laughton wins face-off versus Nic Petan in neutral zone.
1:51 of 2nd period - Sean Kuraly is hit by Samuel Girard.
1:58 of 2nd period - Icing by Dale Weise.
1:59 of 2nd period - Jordan Maletta wins face-off versus Greg McKegg in Philadelphia Phantoms zone.
2:10 of 2nd period - Snap shot by Chris Terry.
2:10 of 2nd period - Stopped by Alex Lyon with a rebound.
2:12 of 2nd period - Snap shot by Greg McKegg.
2:12 of 2nd period - Shot Misses the Net.
2:14 of 2nd period - Slapshot by Karl Stollery.
2:14 of 2nd period - Stopped by Alex Lyon without a rebound.
2:15 of 2nd period - Scott Laughton wins face-off versus Nic Petan in Philadelphia Phantoms zone.
2:24 of 2nd period - Slapshot by Kevin Fiala.
2:24 of 2nd period - Shot Misses the Net.
2:40 of 2nd period - Dean Kukan is hit by Scott Kosmachuk and loses puck.
3:06 of 2nd period - Minor Penalty to Jonathan Diaby for Holding.
3:07 of 2nd period - Scott Laughton wins face-off versus Nic Petan in Philadelphia Phantoms zone.
3:34 of 2nd period - Zac Dalpe is hit by Brayden McNabb and loses puck.
4:03 of 2nd period - Karl Stollery is hit by Jordan Maletta and loses puck.
5:06 of 2nd period - Penalty to Jonathan Diaby is over, Jonathan Diaby is back on ice.
5:14 of 2nd period - Juho Lammikko is hit by Scott Kosmachuk and loses puck.
5:23 of 2nd period - Snap shot by Charles Hudon.
5:23 of 2nd period - Deflect By Quinton Howden.
5:23 of 2nd period - Shot Misses the Net.
5:23 of 2nd period - Puck is out of play.
5:24 of 2nd period - Scott Laughton wins face-off versus Quinton Howden in Philadelphia Phantoms zone.
5:24 of 2nd period - Scott Laughton is hit by Charles Hudon.
6:27 of 2nd period - Wrist shot by Chris Terry.
6:27 of 2nd period - Stopped by Alex Lyon without a rebound.
6:28 of 2nd period - Jordan Maletta wins face-off versus Chase De Leo in Philadelphia Phantoms zone.
6:39 of 2nd period - Slapshot by Dean Kukan.
6:39 of 2nd period - Shot Blocked by Samuel Girard.
6:41 of 2nd period - Wrist shot by Dryden Hunt.
6:41 of 2nd period - Goal by Dryden Hunt - Victoriaville Tigres : 2 - Philadelphia Phantoms : 2.
6:42 of 2nd period - Scott Laughton wins face-off versus Nic Petan in neutral zone.
6:52 of 2nd period - Pat Cannone is hit by Alexandre Carrier and loses puck.
7:07 of 2nd period - Kevin Labanc is hit by Charles Hudon and loses puck.
7:12 of 2nd period - Snap shot by Charles Hudon.
7:12 of 2nd period - Shot Misses the Net.
7:14 of 2nd period - Slapshot by Charles Hudon.
7:14 of 2nd period - Stopped by Alex Lyon with a rebound.
7:16 of 2nd period - Slapshot by Quinton Howden.
7:16 of 2nd period - Stopped by Alex Lyon without a rebound.
7:17 of 2nd period - Lawson Crouse wins face-off versus Sean Kuraly in Philadelphia Phantoms zone.
7:18 of 2nd period - Wrist shot by Nic Petan.
7:18 of 2nd period - Shot Misses the Net.
7:54 of 2nd period - Wrist shot by Kevin Fiala.
7:54 of 2nd period - Shot Blocked by Brody Sutter.
8:12 of 2nd period - Wrist shot by Brayden McNabb.
8:12 of 2nd period - Stopped by Alex Lyon with a rebound.
8:14 of 2nd period - Slapshot by Brayden McNabb.
8:14 of 2nd period - Stopped by Alex Lyon with a rebound.
8:31 of 2nd period - Minor Penalty to Brayden McNabb for Hooking.
8:32 of 2nd period - Scott Laughton wins face-off versus Lawson Crouse in Victoriaville Tigres zone.
8:32 of 2nd period - Slapshot by Joshua Ho-Sang.
8:32 of 2nd period - Goal by Joshua Ho-Sang - Victoriaville Tigres : 2 - Philadelphia Phantoms : 3.
8:33 of 2nd period - Nic Petan wins face-off versus Scott Laughton in neutral zone.
8:44 of 2nd period - Snap shot by Kevin Fiala.
8:44 of 2nd period - Shot Misses the Net.
8:46 of 2nd period - Slapshot by Alexandre Carrier.
8:46 of 2nd period - Deflect By Kevin Fiala.
8:46 of 2nd period - Stopped by Jeff Zatkoff with a rebound.
9:03 of 2nd period - Greg McKegg is hit by Kevin Labanc and loses puck.
9:53 of 2nd period - Wrist shot by Dryden Hunt.
9:53 of 2nd period - Goal by Dryden Hunt - Victoriaville Tigres : 2 - Philadelphia Phantoms : 4.
9:53 of 2nd period - Michael Garteig enters game.
9:54 of 2nd period - Nic Petan wins face-off versus Scott Laughton in neutral zone.
10:26 of 2nd period - Snap shot by Sean Kuraly.
10:26 of 2nd period - Stopped by Michael Garteig without a rebound.
10:27 of 2nd period - Greg McKegg wins face-off versus Scott Laughton in Victoriaville Tigres zone.
10:27 of 2nd period - Greg McKegg is hit by Scott Laughton.
12:09 of 2nd period - Wrist shot by Joshua Ho-Sang.
12:09 of 2nd period - Shot Blocked by Tim Heed.
12:37 of 2nd period - Lawson Crouse is hit by Jon Martin and loses puck.
13:37 of 2nd period - Zac Dalpe is hit by Samuel Girard and loses puck.
13:42 of 2nd period - Snap shot by Quinton Howden.
13:42 of 2nd period - Stopped by Alex Lyon with a rebound.
13:44 of 2nd period - Snap shot by Charles Hudon.
13:44 of 2nd period - Stopped by Alex Lyon with a rebound.
14:02 of 2nd period - Snap shot by Joshua Ho-Sang.
14:02 of 2nd period - Shot Misses the Net.
14:16 of 2nd period - Nic Kerdiles is hit by Greg McKegg and loses puck.
14:29 of 2nd period - Alexandre Carrier is hit by Chase De Leo and loses puck.
14:40 of 2nd period - Joshua Ho-Sang is hit by Scott Kosmachuk and loses puck.
15:03 of 2nd period - Brody Sutter is hit by Sean Kuraly and loses puck.
15:19 of 2nd period - Karl Stollery is hit by Dakota Mermis and loses puck.
15:43 of 2nd period - Wrist shot by Lawson Crouse.
15:43 of 2nd period - Shot Misses the Net.
15:53 of 2nd period - Alexandre Carrier is hit by Scott Kosmachuk.
16:03 of 2nd period - Samuel Girard is hit by Jonathan Diaby and loses puck.
16:20 of 2nd period - Lawson Crouse is hit by Kevin Labanc and loses puck.
16:31 of 2nd period - Wrist shot by Sean Kuraly.
16:31 of 2nd period - Shot Blocked by Michal Kempny.
17:29 of 2nd period - Taylor Leier is hit by Brandon Montour and loses puck.
18:00 of 2nd period - Wrist shot by Kevin Labanc.
18:00 of 2nd period - Stopped by Michael Garteig with a rebound.
18:08 of 2nd period - Snap shot by Dale Weise.
18:08 of 2nd period - Deflect By Sean Kuraly.
18:08 of 2nd period - Stopped by Michael Garteig with a rebound.
18:10 of 2nd period - Wrist shot by Kevin Labanc.
18:10 of 2nd period - Stopped by Michael Garteig with a rebound.
18:26 of 2nd period - Slapshot by Tim Heed.
18:26 of 2nd period - Stopped by Alex Lyon without a rebound.
18:27 of 2nd period - Quinton Howden wins face-off versus Scott Laughton in Philadelphia Phantoms zone.
18:34 of 2nd period - Wrist shot by Charles Hudon.
18:34 of 2nd period - Deflect By Joshua Ho-Sang.
18:34 of 2nd period - Shot Misses the Net.
18:34 of 2nd period - Puck is out of play.
18:35 of 2nd period - Quinton Howden wins face-off versus Joshua Ho-Sang in Philadelphia Phantoms zone.
19:00 of 2nd period - Quinton Howden is hit by Dakota Mermis and loses puck.
19:34 of 2nd period - Wrist shot by Quinton Howden.
19:34 of 2nd period - Shot Misses the Net.
19:36 of 2nd period - Slapshot by Quinton Howden.
19:36 of 2nd period - Shot Misses the Net.
19:38 of 2nd period - Slapshot by Quinton Howden.
19:38 of 2nd period - Shot Misses the Net.
19:44 of 2nd period - Quinton Howden is hit by Dakota Mermis and loses puck.
19:49 of 2nd period - Snap shot by Kevin Labanc.
19:49 of 2nd period - Stopped by Michael Garteig without a rebound.
19:50 of 2nd period - Scott Laughton wins face-off versus Nic Petan in Victoriaville Tigres zone.
19:59 of 2nd period - Slapshot by Joshua Ho-Sang.
19:59 of 2nd period - Stopped by Michael Garteig with a rebound.
Goals for this period are 1 for Victoriaville Tigres vs 4 for Philadelphia Phantoms.
Shots for this period are 11 for Victoriaville Tigres vs 11 for Philadelphia Phantoms.

3rd period


0:01 of 3rd period - Nic Petan wins face-off versus Scott Laughton in neutral zone.
0:08 of 3rd period - Wrist shot by Lawson Crouse.
0:08 of 3rd period - Stopped by Alex Lyon without a rebound.
0:09 of 3rd period - Scott Laughton wins face-off versus Nic Petan in Philadelphia Phantoms zone.
0:18 of 3rd period - Wrist shot by Lawson Crouse.
0:18 of 3rd period - Shot Misses the Net.
0:20 of 3rd period - Slapshot by Samuel Girard.
0:20 of 3rd period - Stopped by Alex Lyon with a rebound.
0:22 of 3rd period - Slapshot by Lawson Crouse.
0:22 of 3rd period - Stopped by Alex Lyon with a rebound.
0:24 of 3rd period - Snap shot by Pat Cannone.
0:24 of 3rd period - Stopped by Alex Lyon with a rebound.
0:38 of 3rd period - Snap shot by Lawson Crouse.
0:38 of 3rd period - Shot Misses the Net.
0:40 of 3rd period - Wrist shot by Nic Petan.
0:40 of 3rd period - Stopped by Alex Lyon without a rebound.
0:41 of 3rd period - Chris Terry wins face-off versus Sean Kuraly in Philadelphia Phantoms zone.
0:46 of 3rd period - Snap shot by Greg McKegg.
0:46 of 3rd period - Stopped by Alex Lyon with a rebound.
0:48 of 3rd period - Slapshot by Chris Terry.
0:48 of 3rd period - Shot Misses the Net.
1:22 of 3rd period - Minor Penalty to Dryden Hunt for Hooking.
1:23 of 3rd period - Scott Laughton wins face-off versus Nic Petan in Philadelphia Phantoms zone.
1:54 of 3rd period - Slapshot by Samuel Girard.
1:54 of 3rd period - Shot Blocked by Chad Billins.
1:56 of 3rd period - Slapshot by Michal Kempny.
1:56 of 3rd period - Stopped by Alex Lyon with a rebound.
1:58 of 3rd period - Snap shot by Greg McKegg.
1:58 of 3rd period - Shot Misses the Net.
2:33 of 3rd period - Icing by Michal Kempny.
2:34 of 3rd period - Scott Laughton wins face-off versus Greg McKegg in Victoriaville Tigres zone.
2:51 of 3rd period - Snap shot by Pat Cannone.
2:51 of 3rd period - Stopped by Alex Lyon without a rebound.
2:52 of 3rd period - Jordan Maletta wins face-off versus Nic Petan in Philadelphia Phantoms zone.
3:22 of 3rd period - Penalty to Dryden Hunt is over, Dryden Hunt is back on ice.
3:29 of 3rd period - Wrist shot by Scott Laughton.
3:29 of 3rd period - Stopped by Michael Garteig with a rebound.
3:31 of 3rd period - Wrist shot by Scott Laughton.
3:31 of 3rd period - Shot Misses the Net.
3:33 of 3rd period - Wrist shot by Scott Laughton.
3:33 of 3rd period - Shot Misses the Net.
3:35 of 3rd period - Slapshot by Zac Dalpe.
3:35 of 3rd period - Deflect By Scott Laughton.
3:35 of 3rd period - Stopped by Michael Garteig with a rebound.
3:39 of 3rd period - Backhand shot by Scott Laughton.
3:39 of 3rd period - Stopped by Michael Garteig without a rebound.
3:40 of 3rd period - Brody Sutter wins face-off versus Sean Kuraly in Victoriaville Tigres zone.
3:47 of 3rd period - Snap shot by Greg McKegg.
3:47 of 3rd period - Stopped by Alex Lyon with a rebound.
3:49 of 3rd period - Slapshot by Michal Kempny.
3:49 of 3rd period - Stopped by Alex Lyon with a rebound.
3:51 of 3rd period - Wrist shot by Michal Kempny.
3:51 of 3rd period - Stopped by Alex Lyon with a rebound.
3:53 of 3rd period - Slapshot by Michal Kempny.
3:53 of 3rd period - Shot Misses the Net.
4:24 of 3rd period - Taylor Leier is hit by Jon Martin and loses puck.
4:31 of 3rd period - Samuel Girard is hit by Juho Lammikko and loses puck.
5:36 of 3rd period - Brody Sutter is hit by Kevin Fiala and loses puck.
6:17 of 3rd period - Snap shot by Stefan Matteau.
6:17 of 3rd period - Deflect By Nic Petan.
6:17 of 3rd period - Shot Misses the Net.
6:17 of 3rd period - Puck is out of play.
6:18 of 3rd period - Nic Petan wins face-off versus Jordan Maletta in Philadelphia Phantoms zone.
6:19 of 3rd period - Backhand shot by Pat Cannone.
6:19 of 3rd period - Stopped by Alex Lyon with a rebound.
6:21 of 3rd period - Snap shot by Stefan Matteau.
6:21 of 3rd period - Stopped by Alex Lyon without a rebound.
6:22 of 3rd period - Nic Petan wins face-off versus Jordan Maletta in Philadelphia Phantoms zone.
6:22 of 3rd period - Nic Petan is hit by Dakota Mermis.
6:28 of 3rd period - Snap shot by Nic Petan.
6:28 of 3rd period - Shot Blocked by Dryden Hunt.
6:30 of 3rd period - Snap shot by Nic Petan.
6:30 of 3rd period - Shot Misses the Net.
7:04 of 3rd period - Dean Kukan is hit by Michal Kempny and loses puck.
7:11 of 3rd period - Snap shot by Nic Petan.
7:11 of 3rd period - Shot Misses the Net.
7:23 of 3rd period - Slapshot by Michal Kempny.
7:23 of 3rd period - Stopped by Alex Lyon without a rebound.
7:24 of 3rd period - Scott Laughton wins face-off versus Greg McKegg in Philadelphia Phantoms zone.
7:24 of 3rd period - Scott Laughton is hit by Chris Terry.
8:22 of 3rd period - Samuel Girard is hit by Jonathan Diaby and loses puck.
8:33 of 3rd period - Scott Laughton is hit by Greg McKegg and loses puck.
8:54 of 3rd period - Snap shot by Lawson Crouse.
8:54 of 3rd period - Shot Misses the Net.
8:56 of 3rd period - Snap shot by Lawson Crouse.
8:56 of 3rd period - Stopped by Alex Lyon without a rebound.
8:57 of 3rd period - Nic Petan wins face-off versus Jon Martin in Philadelphia Phantoms zone.
9:22 of 3rd period - Scott Laughton is hit by Chris Terry and loses puck.
9:33 of 3rd period - Wrist shot by Joshua Ho-Sang.
9:33 of 3rd period - Shot Misses the Net.
10:05 of 3rd period - Snap shot by Nic Petan.
10:05 of 3rd period - Shot Misses the Net.
10:07 of 3rd period - Snap shot by Karl Stollery.
10:07 of 3rd period - Shot Misses the Net.
10:09 of 3rd period - Slapshot by Michal Kempny.
10:09 of 3rd period - Shot Misses the Net.
10:11 of 3rd period - Slapshot by Karl Stollery.
10:11 of 3rd period - Deflect By Nic Petan.
10:11 of 3rd period - Goal by Nic Petan - Victoriaville Tigres : 3 - Philadelphia Phantoms : 4.
10:12 of 3rd period - Nic Petan wins face-off versus Scott Laughton in neutral zone.
10:37 of 3rd period - Brody Sutter is hit by Dale Weise.
10:45 of 3rd period - Wrist shot by Kevin Labanc.
10:45 of 3rd period - Shot Misses the Net.
11:24 of 3rd period - Brayden McNabb is hit by Jon Martin and loses puck.
11:42 of 3rd period - Minor Penalty to Joshua Ho-Sang for Holding.
11:43 of 3rd period - Nic Petan wins face-off versus Scott Laughton in Philadelphia Phantoms zone.
11:47 of 3rd period - Snap shot by Lawson Crouse.
11:47 of 3rd period - Shot Blocked by Zac Dalpe.
11:49 of 3rd period - Slapshot by Lawson Crouse.
11:49 of 3rd period - Goal by Lawson Crouse - Victoriaville Tigres : 4 - Philadelphia Phantoms : 4.
11:50 of 3rd period - Nic Petan wins face-off versus Scott Laughton in neutral zone.
11:55 of 3rd period - Slapshot by Brayden McNabb.
11:55 of 3rd period - Shot Misses the Net.
12:24 of 3rd period - Wrist shot by Chris Terry.
12:24 of 3rd period - Stopped by Alex Lyon with a rebound.
12:40 of 3rd period - Kevin Labanc is hit by Michal Kempny and loses puck.
13:09 of 3rd period - Wrist shot by Dale Weise.
13:09 of 3rd period - Stopped by Michael Garteig without a rebound.
13:10 of 3rd period - Greg McKegg wins face-off versus Scott Laughton in Victoriaville Tigres zone.
13:15 of 3rd period - Backhand shot by Tim Heed.
13:15 of 3rd period - Deflect By Greg McKegg.
13:15 of 3rd period - Goal by Greg McKegg - Victoriaville Tigres : 5 - Philadelphia Phantoms : 4.
13:16 of 3rd period - Nic Petan wins face-off versus Scott Laughton in neutral zone.
13:27 of 3rd period - Slapshot by Samuel Girard.
13:27 of 3rd period - Stopped by Alex Lyon with a rebound.
13:41 of 3rd period - Alexandre Carrier is hit by Chris Terry and loses puck.
14:57 of 3rd period - Jordan Maletta is hit by Charles Hudon and loses puck.
15:47 of 3rd period - Icing by Brayden McNabb.
15:48 of 3rd period - Jon Martin wins face-off versus Nic Petan in Victoriaville Tigres zone.
16:19 of 3rd period - Snap shot by Juho Lammikko.
16:19 of 3rd period - Shot Misses the Net.
16:21 of 3rd period - Wrist shot by Nic Kerdiles.
16:21 of 3rd period - Shot Misses the Net.
16:23 of 3rd period - Wrist shot by Jon Martin.
16:23 of 3rd period - Shot Blocked by Scott Kosmachuk.
16:25 of 3rd period - Slapshot by Jonathan Diaby.
16:25 of 3rd period - Stopped by Michael Garteig without a rebound.
16:26 of 3rd period - Jordan Maletta wins face-off versus Quinton Howden in Victoriaville Tigres zone.
16:27 of 3rd period - Slapshot by Brandon Montour.
16:27 of 3rd period - Stopped by Michael Garteig with a rebound.
16:29 of 3rd period - Slapshot by Zac Dalpe.
16:29 of 3rd period - Stopped by Michael Garteig with a rebound.
16:31 of 3rd period - Slapshot by Alexandre Carrier.
16:31 of 3rd period - Stopped by Michael Garteig with a rebound.
16:33 of 3rd period - Snap shot by Dryden Hunt.
16:33 of 3rd period - Goal by Dryden Hunt - Victoriaville Tigres : 5 - Philadelphia Phantoms : 5.
16:34 of 3rd period - Nic Petan wins face-off versus Jordan Maletta in neutral zone.
17:03 of 3rd period - Slapshot by Brayden McNabb.
17:03 of 3rd period - Stopped by Alex Lyon with a rebound.
17:05 of 3rd period - Slapshot by Samuel Girard.
17:05 of 3rd period - Deflect By Brody Sutter.
17:05 of 3rd period - Stopped by Alex Lyon with a rebound.
17:51 of 3rd period - Wrist shot by Jordan Maletta.
17:51 of 3rd period - Goal by Jordan Maletta - Victoriaville Tigres : 5 - Philadelphia Phantoms : 6.
17:52 of 3rd period - Zac Dalpe wins face-off versus Lawson Crouse in neutral zone.
18:08 of 3rd period - Wrist shot by Nic Petan.
18:08 of 3rd period - Stopped by Alex Lyon without a rebound.
18:09 of 3rd period - Scott Laughton wins face-off versus Greg McKegg in Philadelphia Phantoms zone.
18:44 of 3rd period - Slapshot by Tim Heed.
18:44 of 3rd period - Deflect By Lawson Crouse.
18:44 of 3rd period - Stopped by Alex Lyon without a rebound.
18:45 of 3rd period - Andrew Brewer call a timeout for Victoriaville Tigres.
18:45 of 3rd period - Nic Petan wins face-off versus Zac Dalpe in Philadelphia Phantoms zone.
18:54 of 3rd period - Wrist shot by Lawson Crouse.
18:54 of 3rd period - Shot Blocked by Chad Billins.
19:00 of 3rd period - Victoriaville Tigres, Michael Garteig is pulled from the net.
19:06 of 3rd period - Snap shot by Nic Petan.
19:06 of 3rd period - Deflect By Lawson Crouse.
19:06 of 3rd period - Goal by Lawson Crouse - Victoriaville Tigres : 6 - Philadelphia Phantoms : 6.
19:06 of 3rd period - Michael Garteig from Victoriaville Tigres was sent back in the game.
19:07 of 3rd period - Jordan Maletta wins face-off versus Taylor Leier in neutral zone.
19:16 of 3rd period - Snap shot by Dryden Hunt.
19:16 of 3rd period - Stopped by Michael Garteig without a rebound.
19:17 of 3rd period - Chase De Leo wins face-off versus Jordan Maletta in Victoriaville Tigres zone.
19:48 of 3rd period - Slapshot by Brayden McNabb.
19:48 of 3rd period - Deflect By Taylor Leier.
19:48 of 3rd period - Stopped by Alex Lyon without a rebound.
19:49 of 3rd period - Sean Kuraly wins face-off versus Nic Petan in Philadelphia Phantoms zone.
19:55 of 3rd period - Off-side.
19:56 of 3rd period - Sean Kuraly wins face-off versus Nic Petan in neutral zone.
Goals for this period are 4 for Victoriaville Tigres vs 2 for Philadelphia Phantoms.
Shots for this period are 26 for Victoriaville Tigres vs 11 for Philadelphia Phantoms.

Overtime #1


0:01 of 1st overtime period - Lawson Crouse wins face-off versus Joshua Ho-Sang in neutral zone.
0:12 of 1st overtime period - Wrist shot by Nic Petan.
0:12 of 1st overtime period - Shot Misses the Net.
0:14 of 1st overtime period - Snap shot by Samuel Girard.
0:14 of 1st overtime period - Shot Misses the Net.
0:16 of 1st overtime period - Snap shot by Brayden McNabb.
0:16 of 1st overtime period - Shot Misses the Net.
1:32 of 1st overtime period - Quinton Howden is hit by Dean Kukan and loses puck.
2:07 of 1st overtime period - Brandon Montour is hit by Stefan Matteau and loses puck.
2:31 of 1st overtime period - Karl Stollery is hit by Kevin Fiala and loses puck.
2:46 of 1st overtime period - Icing by Charles Hudon.
2:47 of 1st overtime period - Lawson Crouse wins face-off versus Sean Kuraly in Victoriaville Tigres zone.
3:18 of 1st overtime period - Wrist shot by Kevin Labanc.
3:18 of 1st overtime period - Stopped by Michael Garteig with a rebound.
3:54 of 1st overtime period - Snap shot by Dryden Hunt.
3:54 of 1st overtime period - Shot Blocked by Tim Heed.
4:51 of 1st overtime period - Chris Terry is hit by Dale Weise and loses puck.
Goals for this period are 0 for Victoriaville Tigres vs 0 for Philadelphia Phantoms.
Shots for this period are 0 for Victoriaville Tigres vs 1 for Philadelphia Phantoms.

ShootOut


5:00 of 1st overtime period - Penalty Shot by Lawson Crouse for Victoriaville Tigres.
5:00 of 1st overtime period - Wrist shot by Lawson Crouse.
5:00 of 1st overtime period - Goal by Lawson Crouse.
5:00 of 1st overtime period - Penalty Shot by Joshua Ho-Sang for Philadelphia Phantoms.
5:00 of 1st overtime period - Snap shot by Joshua Ho-Sang.
5:00 of 1st overtime period - Stopped by Michael Garteig.
5:00 of 1st overtime period - Penalty Shot by Nic Petan for Victoriaville Tigres.
5:00 of 1st overtime period - Deke by Nic Petan.
5:00 of 1st overtime period - Goal by Nic Petan.
5:00 of 1st overtime period - Penalty Shot by Dale Weise for Philadelphia Phantoms.
5:00 of 1st overtime period - Snap shot by Dale Weise.
5:00 of 1st overtime period - Stopped by Michael Garteig.